 Dungeon Crawl Stone Soup version 0.30.1-8-g117510f58f (webtiles) character file.

Game seed: 15641797799347047067

71821 monsoonserge the Lord of Darkness (level 14, -1/108 HPs)
             Began as a Demonspawn Monk on Sept 23, 2023.
             Was the Champion of Kikubaaqudgha.
             Slain by a harpy simulacrum (3 damage)
             ... in an ice cave.
             The game lasted 01:37:11 (19638 turns).

monsoonserge the Lord of Darkness (DsMo)           Turns: 19638, Time: 01:37:13

Health: -1/108     AC:  0    Str: 18    XL:     14   Next: 99%
Magic:  25/26      EV: 15    Int: 14    God:    Kikubaaqudgha [******]
Gold:   974        SH: 13    Dex: 18    Spells: 3/29 levels left

rFire   + . .        A - +10 dagger of Qazlal's Vengeance {pain, rN+}
rCold   + + +        d - +1 kite shield {rC+}
rNeg    + . .        z - +3 leather armour {rF+}
rPois   +            (helmet restricted)
rElec   .            h - +0 cloak
rCorr   .            (no gloves)
SInv    .            (no boots)
Will    +....        X - amulet of magic regeneration
Stlth   +++          r - ring of Vixzid {*Corrode rPois rC+ Str+6}
HPRegen 0.38/turn    q - ring of protection from cold
MPRegen 0.60/turn

%: corrode self (3%)
@: mighty, marked, corroded, very slightly contaminated
A: antennae 2, hooves 2, icemail 1, powered by pain 2, condensation shield,
weakness stinger 1
a: Renounce Religion, Unearth Wretches, Torment


You were in an ice cave.
You worshipped Kikubaaqudgha.
Kikubaaqudgha was exalted by your worship.
You visited 4 branches of the dungeon, and saw 20 of its levels.
You also visited: Bailey and Ice Cave.

You collected 1034 gold pieces.
You spent 60 gold pieces at shops.

Inventory:

Hand Weapons
 x - the +8 great sword "Zoir" {pain, rF- rC+ Will+}
   (You found it in an ice cave)

   rF:        It makes you vulnerable to fire.
   rC:        It protects you from cold.
   Will:      It increases your willpower.
 A - the +10 dagger of Qazlal's Vengeance (weapon) {pain, rN+}
   (You found it on level 4 of the Dungeon)

   rN:        It protects you from negative energy.
Missiles
 k - 21 boomerangs (quivered)
 t - 43 poisoned darts
 y - 6 silver javelins
 G - 7 curare-tipped darts
 H - 5 atropa-tipped darts
Armour
 d - a +1 kite shield of cold resistance (worn)
 h - a +0 cloak (worn)
 z - a +3 leather armour of fire resistance (worn)
 P - +0 ice dragon scales
 T - the +3 hat of Pondering {ponderous, Will+ MP+10 Int+5}
   (You took it off Gastronok on level 2 of the Lair of Beasts)

   Int:       It affects your intelligence (+5).
   MP:        It affects your magic capacity (+10).
   Will:      It increases your willpower.
Jewellery
 n - a +6 ring of intelligence
 q - a ring of protection from cold (right hand)
 r - the ring of Vixzid (left hand) {*Corrode rPois rC+ Str+6}
   (You found it on level 4 of the Lair of Beasts)

   [ring of strength]

   Str:       It affects your strength (+6).
   rC:        It protects you from cold.
   rPois:     It protects you from poison.
   *Corrode:  It may corrode you when you take damage.
 U - a +6 ring of intelligence
 V - a ring of resist corrosion
 X - an amulet of magic regeneration (around neck)
Wands
 b - a wand of paralysis (7)
 j - a wand of flame (23)
 v - a wand of iceblast (16)
 w - a wand of polymorph (1)
 C - a wand of mindburst (12)
 L - a wand of light (8)
 Z - a wand of digging (17)
Scrolls
 g - 12 scrolls of teleportation {unknown}
 i - a scroll of fear
 p - 2 scrolls of torment
 s - 4 scrolls of amnesia
 D - 3 scrolls of enchant armour
 F - a scroll of blinking
 I - 4 scrolls of poison
 J - 4 scrolls of fog
 M - a scroll of magic mapping
 O - a scroll of brand weapon {unknown}
 R - 2 scrolls of silence
 Y - 2 scrolls of vulnerability
Potions
 a - 3 potions of attraction
 c - a potion of ambrosia
 f - 6 potions of curing
 l - 4 potions of resistance
 m - 4 potions of brilliance
 o - 8 potions of heal wounds
 u - a potion of flight {unknown}
 B - 3 potions of mutation
 E - 2 potions of haste {unknown}
 N - 2 potions of invisibility {unknown}
 Q - a potion of might
 W - a potion of magic {unknown}
Miscellaneous
 e - a lightning rod (4/4)
 K - a phantom mirror
 S - a box of beasts (inert)


   Skills:
 + Level 9.4 Fighting
 + Level 9.4(9.9) Short Blades
 - Level 4.7(7.6) Long Blades
 + Level 3.4 Throwing
 + Level 6.5 Armour
 + Level 9.0 Dodging
 + Level 5.2 Stealth
 * Level 1.0 Shields
 + Level 8.3 Spellcasting
 * Level 16.3 Necromancy
 - Level 2.0 Earth Magic
 * Level 4.7 Evocations


You had 3 spell levels left.
You knew the following spells:

 Your Spells              Type           Power      Damage    Failure   Level
a - Necrotise             Necr           100%       1d9       1%          1
b - Vampiric Draining     Necr           51%        2d9       1%          3
c - Sublimation of Blood  Necr           51%        N/A       1%          2
d - Dispel Undead         Necr           51%        3d19      1%          4
e - Agony                 Necr           51%        N/A       1%          5
f - Death Channel         Necr           25%        N/A       9%          6
g - Borgnjor's Vile Clut  Necr/Erth      15%        N/A       28%         5

Your spell library contained the following spells:

 Spells                   Type           Power      Damage    Failure   Level
 Kiss of Death            Conj/Necr      100%       2d13      1%          1
 Cigotuvi's Dreadful Rot  Necr/Pois/Air  42%        N/A       7%          2
 Sandblast                Erth           22%        2d7       19%         1
 Apportation              Tloc           10%        N/A       41%         1
 Beastly Appendage        Tmut           10%        N/A       41%         1
 Freeze                   Ice            20%        1d4       41%         1
 Magic Dart               Conj           20%        1d4       41%         1
 Shock                    Conj/Air       20%        1d4       41%         1
 Summon Small Mammal      Summ           20%        N/A       41%         1
 Passwall                 Tmut/Erth      6%         N/A       41%         2
 Call Imp                 Summ           10%        N/A       54%         2
 Stone Arrow              Conj/Erth      16%        3d8       65%         3
 Frozen Ramparts          Ice            10%        1d2       78%         3
 Hailstorm                Conj/Ice       5%         3d4       78%         3
 Mephitic Cloud           Conj/Pois/Air  5%         N/A       78%         3
 Swiftness                Air            5%         N/A       78%         3
 Simulacrum               Ice/Necr       14%        N/A       93%         6
 Petrify                  Tmut/Erth      8%         N/A       96%         4
 Borgnjor's Revivificati  Necr           25%        N/A       98%         8
 Infestation              Necr           25%        N/A       98%         8
 Airstrike                Air            2%         2d(1-17)  99%         4
 Flame Wave               Conj/Fire      5%         2d5       99%         4
 Irradiate                Conj/Tmut      2%         3d12      100%        5
 Plasma Beam              Fire/Air       2%         2x1d14    100%        6
 Haunt                    Necr/Summ      14%        N/A       100%        7
 Necromutation            Tmut/Necr      14%        N/A       100%        8
 Death's Door             Necr           25%        N/A       100%        9


Dungeon Overview and Level Annotations

Branches:
Dungeon (12/15)            Temple (1/1) D:4            Lair (5/5) D:8
  Swamp (0/4) Lair:3        Snake (0/4) Lair:3        Slime (0/5) Lair:4
    Orc (2/2) D:9             Elf (0/3) Orc:2        Bailey (visited)
  IceCv (1/1)

Altars:
Ashenzari
Cheibriados
Dithmenos
Fedhas
Gozag
Hepliaklqana
Kikubaaqudgha
Makhleb
Nemelex Xobeh
Okawaru
Qazlal
Ru
Sif Muna
Trog
Uskayaw
Vehumet
Wu Jian
Xom
Yredelemnul
Jiyva

Shops:
D:2 ?   D:11 !

Annotations:
D:12 3 runed translucent doors, monsoonserge's ghost, journeyman DsMo
Lair:4 1 runed translucent door IceCv exclusion: ice statue


Innate Abilities, Weirdness & Mutations

You have a pair of antennae on your head.
You have hoof-like feet.
A meltable icy envelope protects you from harm. (AC +4)
You sometimes gain power by taking damage.
A meltable shield of frost defends you. (SH +4)
You have a small tail.


Message History

Unknown command.
The ice beast attacks as you move away! You block the ice beast's attack.
The harpy simulacrum claws you!
You focus on the pain.
You feel very mighty all of a sudden. The harpy simulacrum freezes you.
You resist. The harpy simulacrum misses you.
The ice statue gestures.
The ice beast misses you.
Unknown command.
Unknown command.
You block the harpy simulacrum's attack.
The harpy simulacrum completely misses you.
A necromancer comes into view. It is wielding a +0 dagger.
The harpy simulacrum claws you. The harpy simulacrum freezes you. You resist.
The harpy simulacrum claws you but does no damage.
The ice beast hits you. The ice beast freezes you. You resist.
Your corrosive artefact corrodes you!
You block the harpy simulacrum's attack.
The harpy simulacrum claws you. The harpy simulacrum freezes you. You resist.
Unknown command.
Unknown command.
The harpy simulacrum attacks as you move away!
You block the harpy simulacrum's attack.
The harpy simulacrum closely misses you.
The harpy simulacrum completely misses you.
The harpy simulacrum claws you. The harpy simulacrum freezes you. You resist.
Unknown command.
The harpy simulacrum claws you. The harpy simulacrum freezes you. You resist.
The harpy simulacrum claws you.
* * * LOW HITPOINT WARNING * * *
The harpy simulacrum freezes you. You resist.
* * * LOW HITPOINT WARNING * * *
The harpy simulacrum claws you!
* * * LOW HITPOINT WARNING * * *
The harpy simulacrum freezes you. You resist.
* * * LOW HITPOINT WARNING * * *
The harpy simulacrum claws you!
* * * LOW HITPOINT WARNING * * *
The harpy simulacrum freezes you. You resist.
You die...
Kikubaaqudgha rasps: "You have failed me!
Welcome... death!"

......(.# ##.. ..##
.......[# #..p# #...#
.....#### #...####Z...#
...### #.........# ..##
### #WZ..84..# ####
###.## ##{{4...##
#..#####....#####Y.Y.##
....#....##...#.##Y..#
###....######...@Z..##
###### ##.##.### ######


You could see 2 ice beasts and a harpy simulacrum.

Vanquished Creatures
  4 hydras
  The ghost of hawkwood the Fighter, a novice DgAr (D:9)
  4 death yaks
  4 two-headed ogres
  The ghost of kingsuperguy the Fighter, a novice GnWn of Fedhas (D:8)
  2 skysharks
  A skeletal warrior (D:11)
  An orc knight (Orc:2)
  The ghost of laqueoix the Basher, a novice MiFi (D:5)
  A cyclops (D:11)
  An orc sorcerer (Orc:1)
  2 ugly things (IceCv)
  5 elephants (Lair:5)
  A black mamba (Lair:4)
  9 cane toads
  An unseen horror zombie (D:10)
  A kobold demonologist (D:8)
  6 komodo dragons
  3 freezing wraiths
  3 rime drakes
  An unseen horror (D:11)
  6 ice devils (IceCv)
  2 trolls
  An anaconda simulacrum (IceCv)
  2 hornets
  Prince Ribbit (D:8)
  Grinder (D:5)
  A dream sheep (Lair:5)
  6 blink frogs
  3 dire elephant simulacra (IceCv)
  3 shadows
  2 wyverns
  A vampire (D:12)
  33 yaks
  3 basilisks
  Menkaure (D:4)
  2 steam dragons
  A death yak simulacrum (IceCv)
  2 harpy simulacra (IceCv)
  3 nagas (Lair:3)
  2 acid dragons
  8 water moccasins
  2 hydra simulacra (IceCv)
  10 orc warriors
  2 ice beasts
  5 centaurs
  7 ogres
  10 wolves
  A phantom (D:4)
  9 kobold brigands
  A two-headed ogre simulacrum (IceCv)
  9 bullfrogs
  2 cane toad simulacra (IceCv)
  A scorpion (D:5)
  A water moccasin zombie (D:4)
  9 wights
  5 elephant simulacra (IceCv)
  6 killer bees (D:10)
  A spectral bullfrog (D:4)
  2 howler monkeys (D:8)
  An electric eel (D:11)
  A lava snake (D:10)
  A bullfrog zombie (D:5)
  10 centaur zombies
  A centaur skeleton (D:4)
  5 hounds
  Natasha (thrice) (D:4)
  4 orc priests
  Ijyb (D:4)
  3 iguanas
  5 orc wizards
  A scorpion zombie (D:4)
  2 troll simulacra (IceCv)
  3 hell rats (Lair:5)
  6 polar bear simulacra (IceCv)
  2 spriggan simulacra (IceCv)
  3 wolf simulacra (IceCv)
  A hound skeleton (D:4)
  A howler monkey zombie (D:10)
  Robin (D:4)
  8 adders
  5 gnolls
  2 shadow imps (D:6)
  2 white imps
  An adder skeleton (D:4)
  A worm (D:3)
  2 dart slugs (D:3)
  20 orcs
  11 bats
  11 endoplasms
  A giant cockroach (D:1)
  22 goblins
  11 hobgoblins
  A jackal (D:2)
  18 kobolds
  A quokka (D:1)
  6 ball pythons
  7 frilled lizards
  5 rats
410 creatures vanquished.

Vanquished Creatures (collateral kills)
  Gastronok (Lair:2)
  An orc warlord (Bailey)
  2 hydras
  A catoblepas (Lair:2)
  A two-headed ogre (D:9)
  A tengu warrior (D:9)
  A moth of wrath (D:9)
  3 elephants (Lair:5)
  5 rime drakes
  An ice devil (IceCv)
  A troll (D:9)
  3 dream sheep (Lair:5)
  5 blink frogs
  5 wyverns (Lair:5)
  8 yaks
  A hell hound (Lair:5)
  4 water moccasins
  An orc warrior (Orc:2)
  3 wolves
  An ogre (Orc:2)
  4 centaurs (D:11)
  A kobold brigand (D:8)
  A gnoll sergeant (D:6)
  An orc priest (Orc:2)
  2 orc wizards (Orc:2)
  A hell rat (Lair:5)
  2 orcs (Orc:2)
  2 goblins (Bailey)
63 creatures vanquished.

Vanquished Creatures (others)
  A black mamba (Lair:5)
1 creature vanquished.

Grand Total: 474 creatures vanquished

Notes
Turn   | Place    | Note
-------+----------+-------------------------------------------
     0 | D:1      | monsoonserge the Demonspawn Monk began the quest for the
                  | Orb.
     0 | D:1      | Reached XP level 1. HP: 18/18 MP: 1/1
   107 | D:1      | Gained mutation: A meltable shield of frost defends you.
                  | (SH +4) [demonic ancestry]
   107 | D:1      | Reached XP level 2. HP: 12/24 MP: 2/2
   665 | D:2      | Discovered your monstrous ancestry.
   665 | D:2      | Gained mutation: You have a small tail. [demonic ancestry]
   665 | D:2      | Reached XP level 3. HP: 29/29 MP: 3/3
   874 | D:2      | Found a blossoming altar of Fedhas.
  1011 | D:2      | Found The Oracle's Delphic Readings.
  1474 | D:3      | Reached XP level 4. HP: 26/35 MP: 4/4
  1610 | D:3      | Reached skill level 1 in Armour
  1698 | D:3      | Found a burning altar of Makhleb.
  1698 | D:3      | Noticed a balrug
  1701 | D:3      | Noticed an orange demon
  1701 | D:3      | Noticed a neqoxec
  1793 | D:3      | Found a sparkling altar of Nemelex Xobeh.
  2068 | D:3      | Found a faded altar of an unknown god.
  2146 | D:3      | Noticed an ogre
  2155 | D:3      | Killed an ogre
  2156 | D:3      | Reached XP level 5. HP: 27/42 MP: 5/5
  2370 | D:4      | Noticed Menkaure
  2375 | D:4      | Noticed an ogre
  2384 | D:4      | Killed Menkaure
  2385 | D:4      | Reached skill level 1 in Short Blades
  2385 | D:4      | Gained mutation: You have a pair of small antennae on your
                  | head. [demonic ancestry]
  2385 | D:4      | Reached XP level 6. HP: 9/48 MP: 6/6
  2753 | D:4      | Noticed Ijyb
  2776 | D:4      | Killed Ijyb
  2829 | D:4      | Found a staircase to the Ecumenical Temple.
  2846 | Temple   | Entered the Ecumenical Temple
  3076 | D:4      | Gained mutation: A meltable icy envelope protects you from
                  | harm. (AC +4) [demonic ancestry]
  3076 | D:4      | Reached XP level 7. HP: 46/53 MP: 7/7
  3133 | D:4      | Found a shadowy altar of Dithmenos.
  3329 | D:4      | Found a blossoming altar of Fedhas.
  3335 | D:4      | Noticed Robin
  3387 | D:4      | Killed Robin
  3418 | D:4      | Noticed Natasha
  3437 | D:4      | Killed Natasha
  3438 | D:4      | Reached skill level 1 in Shields
  3444 | D:4      | Reached skill level 1 in Stealth
  3498 | D:4      | Identified the +10 dagger of Qazlal's Vengeance {pain, rN+}
  3533 | D:4      | Learned a level 1 spell: Necrotise
  3560 | D:4      | Noticed Natasha
  3566 | D:4      | Killed Natasha
  3567 | D:4      | Reached skill level 1 in Necromancy
  3585 | Temple   | Became a worshipper of Kikubaaqudgha
  3585 | Temple   | Reached * piety under Kikubaaqudgha
  3585 | Temple   | Received a gift from Kikubaaqudgha
  3585 | Temple   | Reached ** piety under Kikubaaqudgha
  3629 | D:4      | Noticed Natasha
  3633 | D:4      | Killed Natasha
  3917 | D:5      | Entered Level 5 of the Dungeon
  4008 | D:5      | Noticed Grinder
  4015 | D:5      | Paralysed by Grinder for 3 turns
  4025 | D:5      | Killed Grinder
  4026 | D:5      | Reached skill level 1 in Spellcasting
  4026 | D:5      | Reached skill level 2 in Necromancy
  4026 | D:5      | Gained mutation: You have large cloven feet. [demonic
                  | ancestry]
  4026 | D:5      | Reached XP level 8. HP: 39/61 MP: 9/9
  4346 | D:5      | Learned a level 3 spell: Vampiric Draining
  4349 | D:5      | Learned a level 2 spell: Sublimation of Blood
  4590 | D:5      | Found a bloodstained altar of Trog.
  4696 | D:5      | Found a runed translucent gate.
  4696 | D:5      | Found a runed translucent gate.
  4697 | D:5      | Found a runed translucent gate.
  4710 | D:5      | Noticed laqueoix's ghost (novice MiFi)
  4935 | D:6      | Reached skill level 3 in Necromancy
  4953 | D:6      | Reached skill level 5 in Fighting
  5068 | D:6      | Reached skill level 4 in Necromancy
  5503 | D:6      | Found a shimmering altar of Xom.
  6107 | D:7      | Found a stormy altar of Qazlal.
  6124 | D:7      | Gained mutation: You sometimes gain a little power by
                  | taking damage. [demonic ancestry]
  6124 | D:7      | Reached XP level 9. HP: 61/68 MP: 4/10
  6247 | D:7      | Reached skill level 5 in Dodging
  6247 | D:7      | Reached skill level 5 in Necromancy
  6253 | D:7      | Reached skill level 5 in Short Blades
  6856 | D:8      | Reached skill level 6 in Necromancy
  6992 | D:8      | Found a staircase to the Lair.
  6998 | D:8      | Noticed Prince Ribbit
  7017 | D:8      | Killed Prince Ribbit
  7181 | D:8      | Found a runed translucent gate.
  7181 | D:8      | Found a runed translucent gate.
  7181 | D:8      | Found a runed translucent gate.
  7183 | D:8      | Noticed a kobold demonologist
  7258 | D:8      | Noticed kingsuperguy's ghost (novice GnWn)
  7534 | D:5      | Killed laqueoix's ghost
  7535 | D:5      | Reached skill level 7 in Necromancy
  7753 | D:9      | Found a flagged portal.
  7759 | D:9      | Paralysed by a hornet for 1 turns
  7760 | D:9      | Reached *** piety under Kikubaaqudgha
  7760 | D:9      | Received a gift from Kikubaaqudgha
  7761 | D:9      | Gained mutation: You have hoof-like feet. [demonic
                  | ancestry]
  7761 | D:9      | Reached XP level 10. HP: 49/76 MP: 8/11
  7766 | D:9      | Learned a level 4 spell: Dispel Undead
  7893 | D:9      | Noticed hawkwood's ghost (novice DgAr)
  7894 | D:9      | Noticed a tengu warrior
  7896 | D:9      | Noticed a two-headed ogre
  7898 | D:9      | Noticed a moth of wrath
  7941 | D:9      | Found a bloodstained altar of Trog.
  8022 | D:9      | Reached skill level 8 in Necromancy
  8066 | D:9      | Noticed a two-headed ogre
  8075 | D:9      | Killed a two-headed ogre
  8090 | D:9      | Found a staircase to the Orcish Mines.
  8188 | Bailey   | Entered a bailey
  8195 | Bailey   | Noticed an orc warlord
  8355 | Bailey   | Found a runed translucent gate.
  8356 | Bailey   | Found a runed translucent gate.
  8363 | Bailey   | Reached skill level 5 in Armour
  8363 | Bailey   | Reached skill level 9 in Necromancy
  8363 | Bailey   | Reached XP level 11. HP: 84/84 MP: 14/17
  8390 | Bailey   | Found a runed translucent gate.
  8511 | Bailey   | Killed an orc warlord
  8545 | Bailey   | Reached skill level 10 in Necromancy
  8545 | Bailey   | Reached XP level 12. HP: 66/93 MP: 19/19
  8552 | Bailey   | Learned a level 5 spell: Agony
  8745 | D:9      | Found a snail-covered altar of Cheibriados.
  8832 | D:9      | Found a transporter.
  8837 | D:9      | Found a transporter.
  9059 | D:10     | Entered Level 10 of the Dungeon
  9062 | D:10     | Found a sacrificial altar of Ru.
  9109 | D:10     | Reached **** piety under Kikubaaqudgha
  9404 | D:10     | Reached skill level 5 in Spellcasting
  9431 | D:10     | Learned a level 6 spell: Death Channel
  9504 | D:10     | Found a basalt altar of Yredelemnul.
  9548 | D:10     | Gained mutation: You sometimes gain power by taking damage.
                  | [demonic ancestry]
  9548 | D:10     | Reached XP level 13. HP: 81/99 MP: 20/20
  9730 | D:10     | Reached skill level 11 in Necromancy
 10155 | D:10     | Found a hide-covered altar of Uskayaw.
 10407 | D:8      | Killed kingsuperguy's ghost
 11048 | D:11     | Reached skill level 12 in Necromancy
 11621 | D:11     | Found Xiomo's Distillery.
 11629 | D:11     | Bought a potion of curing for 45 gold pieces
 11629 | D:11     | Bought a potion of degeneration for 15 gold pieces
 11909 | D:12     | Noticed monsoonserge's ghost (journeyman DsMo)
 11910 | D:12     | Found a runed translucent gate.
 11910 | D:12     | Found a runed translucent gate.
 11910 | D:12     | Found a runed translucent gate.
 12206 | D:9      | Killed hawkwood's ghost
 12211 | D:9      | Reached skill level 13 in Necromancy
 12455 | Lair:1   | Entered Level 1 of the Lair of Beasts
 12476 | Lair:1   | Reached ***** piety under Kikubaaqudgha
 13465 | Lair:2   | Noticed Gastronok
 13466 | Lair:2   | Reached skill level 1 in Earth Magic
 13734 | Lair:2   | Killed Gastronok
 13811 | Lair:2   | Learned a level 5 spell: Borgnjor's Vile Clutch
 13967 | Lair:2   | Gained mutation: You have a pair of antennae on your head.
                  | [demonic ancestry]
 13967 | Lair:2   | Reached XP level 14. HP: 104/108 MP: 24/24
 13975 | Lair:2   | Reached skill level 14 in Necromancy
 14494 | Lair:3   | Found a staircase to the Swamp.
 14745 | Lair:3   | Reached skill level 5 in Stealth
 14784 | Lair:3   | Found a staircase to the Snake Pit.
 16023 | Lair:4   | Found a runed translucent door.
 16024 | Lair:4   | Found a viscous altar of Jiyva.
 16026 | Lair:4   | Noticed an azure jelly
 16026 | Lair:4   | Noticed an azure jelly
 16030 | Lair:4   | Found a staircase to the Slime Pits.
 16522 | Lair:4   | Identified the ring of Vixzid {*Corrode rPois rC+ Str+6}
 16800 | Lair:5   | Entered Level 5 of the Lair of Beasts
 16852 | Lair:5   | Reached skill level 15 in Necromancy
 16855 | Lair:5   | Got the Vellum of Configuration and Conflagration
 17501 | Orc:1    | Entered Level 1 of the Orcish Mines
 17510 | Orc:1    | Reached ****** piety under Kikubaaqudgha
 17525 | Orc:1    | Received a gift from Kikubaaqudgha
 17657 | Orc:2    | Entered Level 2 of the Orcish Mines
 17954 | Orc:2    | Found a frozen archway.
 17971 | IceCv    | Entered an ice cave
 17980 | IceCv    | Reached skill level 16 in Necromancy
 19088 | IceCv    | Found an ancient bone altar of Kikubaaqudgha.
 19525 | IceCv    | Identified the +8 great sword "Zoir" {pain, rF- rC+ Will+}
 19638 | IceCv    | HP: 2/108 [harpy simulacrum (10)]
 19638 | IceCv    | Slain by a harpy simulacrum

Illustrated notes

Levels and vault maps discovered:
D:1:      heliophobic_arrival_henge, layout_rooms
D:2:      minmay_angry_zag, layout_loops_ring, basic_altar, serial_rivers,
          chequers_serial_rivers_large_b, chequers_serial_rivers_micro_c,
          chequers_serial_rivers_room_b, chequers_serial_rivers_micro_c,
          nicolae_nh_oracle_at_delphi
D:3:      layout_loops_ring, mainiacjoe_overflow_24_doors,
          makhleb_altar_promises_db, chequers_ecumenical_altar_island,
          minivault_19, corexii_hall_statues_deadend, moated_statue,
          minmay_close_crescents
D:4:      layout_loops_ring, lemuel_crystal_altar,
          mainiacjoe_overflow_boulevard, minmay_temple_entry_ruins,
          hangedman_decor_push, minmay_stone_trees_medium,
          minmay_misc_feat_roman, dilly_guarded_unrand_morg, uniq_menkaure,
          uniq_robin, uniq_ijyb
D:5:      layout_loops_ring, trog_three_pillars_becter, serial_co_window_serial,
          co_window_corner_a, co_window_corner_a, co_window_of_opportunity_a,
          co_window_paths_a, co_window_of_opportunity_a,
          co_window_of_opportunity_b, co_window_cross_2, co_window_paths_c,
          co_window_2corner, glass_columns_b, glass_columns_b, glass_columns_b,
          glass_columns_b, gammafunk_ghost_necromancy, uniq_grinder
D:6:      layout_basic, xom_teletrap_fun
D:7:      layout_loops_ring, grunt_qazlal_sundering
D:8:      layout_rooms, dpeg_oklobed_lair, gammafunk_ghost_nasty_kobolds,
          uniq_prince_ribbit1
D:9:      layout_rooms, mainiacjoe_overflow_small_starburst, orc_0_dummy,
          gammafunk_ghost_wrathful_warriors, enter_bailey_2
D:10:     layout_rooms, nicolae_yredelemnul_corpse_copse,
          nicolae_ru_path_of_blood, nicolae_uskayaw_dance_hall,
          kennysheep_generic_room_16
D:11:     layout_irregular_city, serial_shops, nicolae_diamond_shop,
          grunt_ogre_cave, kennysheep_flooded_box, minmay_bent
D:12:     minmay_ice_pillars, layout_loops_corners, gammafunk_ghost_hydra_chop,
          st_stairs_11
Temple:   nicolae_temple_bog_church
Lair:1:   layout_regular_city, beast_lair_carwin_9
Lair:2:   layout_hall_layers, grunt_megastairs_5, uniq_gastronok
Lair:3:   layout_misc_corridors, swamp_mist, guppyfry_snake_entry_island,
          serial_forest, infiniplex_forest_clump_double,
          infiniplex_forest_end_1, infiniplex_forest_corner_2,
          infiniplex_forest_straight_4, infiniplex_forest_clump_small,
          infiniplex_forest_lined_3, infiniplex_forest_straight_2,
          infiniplex_forest_clump_medium, infiniplex_forest_end_1,
          chequers_serial_rivers_large_a, infiniplex_staircase_pool
Lair:4:   layout_layer_cave, slime_entry_2
Lair:5:   cheibrodos_lair_end_hotspot, layout_misc_corridors, special_room
          [special_room_mythical_zoo]
Orc:1:    layout_caves
Orc:2:    grunt_orc_tribal_feast, layout_caves, portal_ice_cave_entry_pillars_1
IceCv:    ice_cave_small_necro

Skill      XL: |  1  2  3  4  5  6  7  8  9 10 11 12 13 14 |
---------------+-------------------------------------------+-----
Long Blades    | 3 4 |  4.7
Dodging        | 3 4 5 6 7 8 9 |  9.0
Armour         | 1 2 3 4 5 6 |  6.5
Short Blades   | 1 2 3 4 6 7 8 9 |  9.4
Fighting       | 4 5 7 8 9 |  9.4
Shields        | 1 |  1.0
Stealth        | 1 2 3 4 5 |  5.2
Necromancy     | 2 4 7 9 10 13 16 | 16.3
Spellcasting   | 1 4 5 7 8 |  8.3
Throwing       | 2 3 |  3.4
Evocations     | 2 3 4 |  4.7
Earth Magic    | 1 2 |  2.0

Action                     |  1- 3 |  4- 6 |  7- 9 | 10-12 | 13-15 || total
---------------------------+-------+-------+-------+-------+-------++-------
  Melee: Falchion          |   120 |    28 |       |       |       ||   148
         Tailslap          |     6 |    17 |    61 |    54 |   164 ||   302
         Dagger            |       |    91 |   301 |   225 |   634 ||  1251
         Kick              |       |       |       |       |     7 ||     7
  Throw: Boomerang         |       |     3 |       |       |     3 ||     6
         Dart              |       |       |       |     5 |     7 ||    12
   Cast: Necrotise         |       |       |    36 |     8 |    19 ||    63
         Vampiric Draining |       |       |     2 |     5 |    75 ||    82
         Sublimation of Bl |       |       |       |     1 |     1 ||     2
         Dispel Undead     |       |       |       |     6 |    12 ||    18
         Death Channel     |       |       |       |       |    29 ||    29
         Agony             |       |       |       |       |     8 ||     8
         Borgnjor's Vile C |       |       |       |       |    18 ||    18
 Invoke: Receive Forbidden |       |       |       |       |     1 ||     1
         Unearth Wretches  |       |       |       |       |     1 ||     1
  Evoke: Wand              |       |       |       |     2 |       ||     2
         Phantom mirror    |       |       |       |     1 |       ||     1
         Box of beasts     |       |       |       |       |     1 ||     1
    Use: Potion            |       |     2 |       |     2 |     2 ||     6
         Scroll            |       |       |       |       |    20 ||    20
   Stab: Sleeping          |       |       |     1 |       |     1 ||     2
         Invisible         |       |       |       |     2 |       ||     2
         Distracted        |       |       |       |       |     8 ||     8
 Armour: Robe              |     5 |       |       |       |       ||     5
         Ring mail         |    25 |    23 |       |       |       ||    48
         Leather armour    |       |     5 |   107 |    68 |   162 ||   342
  Dodge: Dodged            |    77 |    48 |   183 |   166 |   453 ||   927
  Block: Orb               |    18 |    17 |    44 |    30 |    82 ||   191
         Kite shield       |       |       |       |       |    10 ||    10
